 Dungeon Crawl Stone Soup version 0.24-a0-459-g225fefd530 (webtiles) character file.

Game seed: 17254980859167057391

371 Craser22 the Cleaver (level 6, -5/51 HPs)
             Began as a Minotaur Berserker on June 28, 2019.
             Was a Priest of Trog.
             Shot with an arrow by a centaur (7 damage)
             ... on level 5 of the Dungeon.
             The game lasted 00:10:32 (3571 turns).

Craser22 the Cleaver (Minotaur Berserker)           Turns: 3571, Time: 00:10:33

Health: -5/51      AC:  6    Str: 21    XL:     6   Next: 42%
Magic:  5/5        EV: 10    Int:  4    God:    Trog [***...]
Gold:   107        SH:  0    Dex: 12    Spells: 5/5 levels left

rFire    . . .     SeeInvis .   g - +0 war axe
rCold    . . .     Gourm    .   (no shield)
rNeg     . . .     Faith    .   p - +0 scale mail
rPois    .         Spirit   .   (helmet restricted)
rElec    .         Reflect  .   (no cloak)
rCorr    .         Harm     .   (no gloves)
MR       .....                  (no boots)
Stlth    ..........             (no amulet)
HPRegen  0.17/turn              (no ring)
MPRegen  0.09/turn              (no ring)

@: no status effects
A: retaliatory headbutt, horns 2
a: Berserk, Trog's Hand, Renounce Religion


You were on level 5 of the Dungeon.
You worshipped Trog.
Trog was most pleased with you.
You were not hungry.

You visited 1 branch of the dungeon, and saw 5 of its levels.

You collected 107 gold pieces.


Innate Abilities, Weirdness & Mutations

You reflexively headbutt those who attack you in melee.
You have a pair of horns on your head.


   Skills:
 - Level 3.6 Fighting
 + Level 8.8 Axes
 - Level 2.4 Armour
 - Level 2.1 Dodging


You had 5 spell levels left.
You didn't know any spells.
Your spell library was empty.

Inventory:

Hand Weapons
 g - a +0 war axe (weapon)
 v - a +0 flail
Missiles
 l - 287 stones (quivered)
 w - 2 curare-tipped darts {=f}
Armour
 p - a +0 scale mail (worn)
Jewellery
 r - an uncursed ring of magical power {unknown}
Wands
 s - a wand of clouds (6)
Scrolls
 a - a scroll of enchant weapon {unknown}
 d - 3 scrolls of fog {unknown}
 f - a scroll of noise {unknown}
 j - a scroll of immolation {unknown}
 k - 5 scrolls of identify {unknown}
 m - 2 scrolls of remove curse {unknown}
 q - a scroll of fear {unknown}
 t - a scroll of random uselessness {unknown}
Potions
 b - a potion of agility {unknown}
 e - a potion of flight {unknown}
 h - a potion of heal wounds {unknown}
 i - a potion of mutation {unknown}
 n - 3 potions of curing {unknown}
 o - 2 potions of might {unknown}
 u - a potion of resistance {unknown}
 z - a potion of degeneration {unknown}
Comestibles
 c - 8 rations

Dungeon Overview and Level Annotations

Branches:
Dungeon (5/15)
 Temple: D:4-7

Altars:
Elyvilon

▒...........▒ ...▒ ▒▒.
▒▒▒..........▒ ....▒ ▒▒
▒▒.......... .... ▒
▒▒.........▒ ▒...▒ ▒
▒▒...........▒▒▒...▒ ▒
▒▒............c....▒ ▒▒
▒▒..................▒
▒▒.
▒.....▒▒▒...........▒
▒▒.. ....▒▒▒
▒▒.....H...▒ ▒▒▒▒▒▒...
..▒▒▒
▒▒.....(..▒▒▒▒▒.......▒
.▒▒
▒...▒▒▒▒(.............▒
.▒ ▒.. ▒▒......▒▒▒▒...▒
▒▒ ▒.. ▒▒(.▒▒▒▒ ▒▒..▒ ▒
▒. ▒..▒ ▒▒.. ▒ . ▒..▒
▒.. ▒ ▒..▒ ▒▒. ▒..▒▒ ▒.


You could see a centaur.


Message History

A frilled lizard comes into view.
The frilled lizard hisses angrily.
You miss the frilled lizard.
The frilled lizard bites you but does no damage.
You hit the frilled lizard.
You kill the frilled lizard!
Trog accepts your kill.
A centaur comes into view.
The centaur wields a +0 shortbow.
The centaur shoots an arrow.
The arrow hits you!
You see here an arrow.
The centaur shoots an arrow.
The arrow hits you.
The centaur shoots an arrow.
The arrow hits you!
The centaur shoots an arrow.
The arrow hits you!
* * * LOW HITPOINT WARNING * * *
You see here 2 arrows.
The centaur shoots an arrow.
The arrow hits you.
* * * LOW HITPOINT WARNING * * *
You see here an arrow.
The centaur shoots an arrow.
The arrow hits you!
* * * LOW HITPOINT WARNING * * *
The centaur shoots an arrow.
The arrow hits you!
You die...

Action                   |  1- 3 |  4- 6 || total
-------------------------+-------+-------++-------
Melee: Hand axe          |    81 |   128 ||   209
       Headbutt          |    13 |    24 ||    37
       War axe           |       |    12 ||    12
Invok: Berserk           |       |     1 ||     1
  Eat: Chunk             |     2 |     7 ||     9
Armor: Animal skin       |     2 |       ||     2
       Ring mail         |     8 |       ||     8
       Scale mail        |     9 |    57 ||    66
Dodge: Dodged            |    34 |    59 ||    93

Levels and vault maps discovered:
D:1:      wander_arrival_peaceful_grave, layout_basic, minmay_pentomino_v2
D:2:      layout_rooms, elyvilon_altar_5
D:3:      layout_basic, kennysheep_generic_room_3, uniq_robin
D:4:      layout_rooms
D:5:      layout_layer_cave, first_ration

Notes
Turn   | Place    | Note
-------+----------+-------------------------------------------
     0 | D:1      | Craser22 the Minotaur Berserker began the quest for the
                  | Orb.
     0 | D:1      | Reached XP level 1. HP: 19/19 MP: 0/0
    39 | D:1      | Reached skill level 4 in Axes
   159 | D:1      | Reached XP level 2. HP: 21/26 MP: 1/1
   376 | D:1      | Reached skill level 5 in Axes
   490 | D:1      | Reached XP level 3. HP: 31/31 MP: 2/2
   549 | D:1      | Reached ** piety under Trog
  1010 | D:2      | Found a white marble altar of Elyvilon.
  1489 | D:2      | Reached skill level 6 in Axes
  1489 | D:2      | Reached XP level 4. HP: 39/39 MP: 3/3
  1819 | D:3      | Noticed Robin
  1839 | D:3      | Killed Robin
  1855 | D:3      | Reached skill level 7 in Axes
  1855 | D:3      | Reached XP level 5. HP: 31/45 MP: 4/4
  1859 | D:3      | Reached *** piety under Trog
  2084 | D:3      | Noticed an ice beast
  2095 | D:3      | Killed an ice beast
  2095 | D:3      | Reached skill level 8 in Axes
  2585 | D:4      | Reached XP level 6. HP: 51/51 MP: 5/5
  3158 | D:5      | Entered Level 5 of the Dungeon
  3571 | D:5      | HP: 2/51 [centaur/arrow (10)]
  3571 | D:5      | Shot with an arrow by a centaur

Vanquished Creatures
  An ice beast (D:3)
  A howler monkey (D:5)
  A worker ant (D:4)
  A killer bee zombie (D:5)
  Robin (D:3)
  6 adders
  2 oozes
  An adder skeleton (D:4)
  3 worms
  5 dart slugs
  4 leopard geckos
  3 orcs
  4 giant cockroaches
  20 goblins
  6 hobgoblins
  10 jackals
  A ball python (D:4)
  4 bats
  6 frilled lizards
  A giant cockroach zombie (D:5)
  9 kobolds
  9 rats
99 creatures vanquished.
